Map: King's Cove LE

Players

Cham - Winner!

  • Race: Zerg Zerg
  • Spawn Location: 11:00

GunGFuBanDa

  • Race: Protoss Protoss
  • Spawn Location: 5:00

Event: 2019 WCS Summer

VOD

Have the link to the VOD?

Description

Time

  • Played on: July 12, 2019, 9:22 a.m.
  • Length: 5:55

All games in this series

Show
View Real Time Build Order
Export as new Build Order

Cham Zerg - Winner!

Build Orders: Hatch First 

Get SALT Encoding   

  12  0:00  Drone  
  13  0:08  Drone  
  14  0:17  Overlord  
  15  0:35  Drone x2  
  16  0:48  Hatchery  
  15  0:52  Drone  
  15  0:55  Drone  
  17  0:59  Drone  
  18  1:10  Extractor  
  17  1:19  Spawning Pool  
  17  1:20  Extractor  
  17  1:21  Drone  
  18  1:25  Drone  
  18  2:00  Drone  
  18  2:01  Drone x2  
  22  2:10  Hatchery  
  21  2:18  Queen, Spine Crawler  
  21  2:21  Spine Crawler  
  21  2:25  Drone  
  22  2:31  Overlord  
  22  2:42  Spine Crawler  
  21  2:47  Drone  
  22  2:53  Drone  
  22  2:56  Spine Crawler  
  22  3:05  Overlord  
  22  3:07  Metabolic Boost  
  22  3:19  Zergling x4  
  24  3:25  Lair  
  24  3:29  Drone  
  25  3:38  Drone  
  25  3:39  Zergling x4  
  28  3:46  Drone  
  29  3:50  Zergling x2  
  30  3:57  Drone  
  30  3:58  Queen  
  33  4:05  Zergling x2  
  33  4:06  Drone  
  35  4:10  Zergling x2  
  36  4:22  Zergling x2  
  34  4:26  Nydus Network  
  34  4:28  Zergling x2  
  33  4:35  Zergling x2  
  33  4:36  Zergling x2  
  33  4:39  Drone  
  33  4:43  Drone  
  35  4:49  Zergling x2  
  36  4:57  Zergling x2  
  36  5:04  Zergling x2  
  36  5:05  Nydus Canal  
  37  5:11  Zergling x2  
  37  5:12  Zergling x2  
  37  5:13  Queen  
  41  5:21  Nydus Canal  
  40  5:22  Zergling x2  
  40  5:32  Zergling x2  
  40  5:34  Zergling x2  
  41  5:36  Zergling x6  
Show
View Real Time Build Order
Export as new Build Order

GunGFuBanDa Protoss 

Build Orders: Cannon Rush 

Get SALT Encoding   

  12  0:00  Probe  
  13  0:12  Probe  
  14  0:18  Pylon  
  14  0:24  Probe  
  15  0:32  Probe  
  15  0:39  Forge  
  15  0:40  Probe  
  17  0:51  Probe  
  18  1:08  Pylon  
  18  1:09  Pylon  
  18  1:15  Pylon  
  18  1:27  Photon Cannon  
  18  1:31  Pylon  
  18  1:32  Pylon  
  18  1:38  Photon Cannon  
  18  1:51  Probe  
  18  1:52  Gateway  
  18  1:59  Photon Cannon  
  18  2:03  Probe  
  18  2:07  Photon Cannon  
  19  2:14  Photon Cannon  
  19  2:17  Probe  
  20  2:24  Assimilator  
  20  2:31  Photon Cannon  
  20  2:43  Cybernetics Core  
  20  2:47  Probe  
  21  3:02  Pylon  
  21  3:05  Pylon  
  21  3:06  Probe  
  21  3:12  Stalker  
  22  3:19  Shield Battery  
  23  3:20  Shield Battery  
  24  3:30  Shield Battery  
  24  3:34  Stalker  
  24  3:46  Shield Battery  
  26  3:52  Warp Gate  
  26  4:01  Pylon  
  26  4:02  Probe  
  27  4:07  Adept  
  29  4:20  Shield Battery  
  29  4:25  Photon Cannon  
  29  4:32  Probe  
  30  4:39  Gateway  
  30  4:49  Shield Battery  
  30  5:01  Probe  
  32  5:15  Pylon  
  29  5:36  Robotics Facility  
  29  5:37  Pylon  
  29  5:41  Adept  
Tags
 
Add a new tag
Caveats
  • Supply blocks, unpowered buildings, or Contaminate may cause inaccurate times.
  • Supply counts are checked every 10 seconds.